 Dungeon Crawl Stone Soup version 0.31-a0-175-g9f7f995f2b (webtiles) character file.

Game seed: 18306423666573917932

40 Maxmaps the Stinger (level 3, 0/24 HPs)
             Began as a Demonspawn Venom Mage on June 17, 2023.
             Slain by an orc
             ... wielding a +0 dagger
              (2 damage)
             ... on level 3 of the Dungeon.
             The game lasted 00:02:02 (1331 turns).

Maxmaps the Stinger (Demonspawn Venom Mage)         Turns: 1331, Time: 00:02:02

Health: 0/24       AC:  3    Str:  7 (8)  XL:     3   Next: 30%
Magic:  1/6        EV: 12    Int: 15 (18) God:
Gold:   190        SH:  0    Dex: 12 (13) Spells: 5/6 levels left

rFire   . . .        h - +0 dagger (drain)
rCold   . . .        (no shield)
rNeg    . . .        a - +0 robe
rPois   .            (no helmet)
rElec   .            (no cloak)
rCorr   .            i - +0 pair of gloves
SInv    .            (no boots)
Will    .....        (no amulet)
Stlth   ++           (no ring)
HPRegen 0.24/turn    (no ring)
MPRegen 0.10/turn

%: no passive effects
@: no status effects
A: demonic guardian 1
a: no special abilities


You were on level 3 of the Dungeon.
You visited 1 branch of the dungeon, and saw 3 of its levels.

You collected 190 gold pieces.

Inventory:

Hand Weapons
 h - a +0 dagger of draining (weapon)
 m - a +0 long sword
Armour
 a - a +0 robe (worn)
 i - a +0 pair of gloves (worn)
Scrolls
 c - a scroll of revelation {unknown}
 d - a scroll of identify {unknown}
 e - 2 scrolls of amnesia {unknown}
 j - a scroll of fog {unknown}
 k - a scroll of enchant weapon {unknown}
 l - a scroll of enchant armour {unknown}
Potions
 b - a potion of magic
 f - a potion of might {unknown}
 g - a potion of curing


   Skills:
 - Level 1.7 Dodging
 - Level 1.7 Stealth
 - Level 2.0 Spellcasting
 - Level 0.8 Transmutations
 + Level 4.4 Poison Magic


You had 5 spell levels left.
You knew the following spells:

 Your Spells              Type           Power      Damage    Failure   Level
a - Sting                 Tmut/Pois      36%        1d4       8%          1

Your spell library contained the following spells:

 Spells                   Type           Power      Damage    Failure   Level
 Poisonous Vapours        Pois/Air       16%        N/A       14%         2
 Olgreb's Toxic Radiance  Pois           14%        N/A       34%         4
 Mephitic Cloud           Conj/Pois/Air  5%         N/A       36%         3
 Inner Flame              Hex/Fire       1%         N/A       54%         3
 Flame Wave               Conj/Fire      1%         2d4       91%         4
 Sticky Flame             Conj/Fire      1%         2d3       91%         4


Dungeon Overview and Level Annotations

Branches:
Dungeon (3/15)

Altars:
Okawaru
Qazlal


Innate Abilities, Weirdness & Mutations

A weak demonic guardian rushes to your aid.


Message History

Aiming: Sting (safe; 8% risk of failure)
Press: ? - help, Shift-Dir - straight line, f/p - orc wizard
Aim: an orc wizard, wielding a +0 dagger and wearing a +0 robe (lightly wounded, very poisoned, 60% to hit)
The sting misses the orc wizard.
The ball python bites your iron imp.
The ball python constricts your iron imp.
Your iron imp hits the ball python!
The ball python dies!
The orc wizard points at you and mumbles some strange words.
You resist with significant effort.
Casting: Sting (safe; 8% risk of failure)
Confirm with . or Enter, or press ? or * to list all spells.
Aiming: Sting (safe; 8% risk of failure)
Press: ? - help, Shift-Dir - straight line, f/p - orc wizard
Aim: an orc wizard, wielding a +0 dagger and wearing a +0 robe (lightly wounded, very poisoned, ally target, 60% to hit)
The sting hits the orc wizard.
The orc wizard looks even sicker.
The orc wizard is moderately wounded.
The orc wizard casts a spell at you. The puff of flame hits you!
* * * LOW HITPOINT WARNING * * *
The orc hits your iron imp but does no damage.
You hit the orc wizard but do no damage.
The orc wizard is moderately wounded.
Your iron imp barely misses the orc.
The orc wizard hits you with a +0 dagger.
* * * LOW HITPOINT WARNING * * *
Casting: Sting (safe; 8% risk of failure)
Confirm with . or Enter, or press ? or * to list all spells.
Aiming: Sting (safe; 8% risk of failure)
Press: ? - help, Shift-Dir - straight line, f/p - orc wizard
Aim: an orc wizard, wielding a +0 dagger and wearing a +0 robe (moderately wounded, very poisoned, 60% to hit)
The sting hits the orc wizard but does no damage.
The orc wizard looks as sick as possible!
The orc wizard is moderately wounded.
Your iron imp closely misses the orc.
The orc wizard mumbles some strange words.
The orc wizard flickers and vanishes!
Deactivating autopickup; reactivate with Ctrl-A.
The orc hits you but does no damage. The orc attacks as you move away!
The orc hits you with a +0 dagger.
You die...

....... .......
....... ....... ###
..[....##.#
..........##
........5o.#######
........o{@.......
....####.####.#### #
. ##.....##.## .#
#.......#..##..###.
#.......#..<.......
......_......#..####.
...#.......#..#.##
...#.......#..#.# ..
##.....##.....


You could see 2 orcs and a friendly iron imp (summoned).

Vanquished Creatures
  An adder (D:2)
  A worm (D:2)
  An endoplasm (D:1)
  2 giant cockroaches
  5 goblins
  2 hobgoblins
  3 quokkas
  4 ball pythons
  3 bats
  2 frilled lizards (D:2)
  A rat (D:2)
25 creatures vanquished.

Vanquished Creatures (collateral kills)
  An orc (D:3)
  A ball python (D:3)
2 creatures vanquished.

Grand Total: 27 creatures vanquished

Notes
Turn   | Place    | Note
-------+----------+-------------------------------------------
     0 | D:1      | Maxmaps the Demonspawn Venom Mage began the quest for the
                  | Orb.
     0 | D:1      | Reached XP level 1. HP: 13/13 MP: 3/3
   361 | D:1      | Gained mutation: A weak demonic guardian rushes to your
                  | aid. [demonic ancestry]
   361 | D:1      | Reached XP level 2. HP: 5/19 MP: 1/5
   878 | D:2      | Reached skill level 4 in Poison Magic
  1049 | D:2      | Reached XP level 3. HP: 3/24 MP: 0/6
  1159 | D:2      | Found an iron altar of Okawaru.
  1309 | D:3      | Found a stormy altar of Qazlal.
  1331 | D:3      | Slain by an orc

Illustrated notes

Levels and vault maps discovered:
D:1:      wander_arrival_estate, layout_loops_ring, chequers_serial_rivers_marsh
D:2:      layout_rooms, basic_altar, minmay_indecisive_spiral
D:3:      layout_rooms, brannock_xom_greatest_gift, old_standard_altar,
          gammafunk_ghost_nasty_kobolds

Skill      XL: |  1  2 |
---------------+-------+-----
Poison Magic   | 4 |  4.4
Dodging        | |  1.7
Stealth        | |  1.7
Spellcasting   | |  2.0
Transmutations | |  0.8

Action                     || total
---------------------------++-------
  Melee: Dagger            ||    80
         Unarmed           ||     2
   Cast: Sting             ||    16
    Use: Potion            ||     2
   Stab: Sleeping          ||     2
 Armour: Robe              ||    32
  Dodge: Dodged            ||    84

Table legend: (Time is in decaauts)
 A = Elapsed time spent in this place.
 B = Non-inter-level travel time spent in this place.
 C = Inter-level travel time spent in this place.
 D = Time resting spent in this place.
 E = Time spent auto-exploring this place.
 F = Levels seen in this place.
 G = Mean time per level.
                   A        B        C        D        E       F      G
               +--------+--------+--------+--------+--------+-----+--------+
         Total |   1333 |   1285 |     48 |    108 |    908 |   3 |  444.3 |
       Dungeon |   1333 |   1285 |     48 |    108 |    908 |   3 |  444.3 |
               +--------+--------+--------+--------+--------+-----+--------+

Top non-repeatable levels by time:
     D:1: 774 daAuts
     D:2: 536 daAuts
     D:3: 21 daAuts
